 Dungeon Crawl Stone Soup version 0.31-a0-986-g5e6e4ef867 (webtiles) character file.

Game seed: 9430384526184709474

426267 jestert79 the Spry (level 21, -13/277 (282) HPs)
             Began as a Demigod Ice Elementalist on Nov 16, 2023.
             Killed from afar by a tengu reaver (36 damage)
             ... with a bolt of lightning
             ... on level 4 of the Depths on Nov 17, 2023.
             The game lasted 09:20:06 (77291 turns).

jestert79 the Spry (Demigod Ice Elementalist)      Turns: 77291, Time: 09:20:06

HP:   -13/277 (282) AC: 25    Str: 22    XL:     21   Next: 77%
MP:   41/42         EV: 25    Int: 39    God:
Gold: 3083          SH:  7    Dex: 22    Spells: 2/43 levels left

rFire   . . .        a - +6 demon whip "Qyorepn" {freeze, Str+4}
rCold   . . .        y - +1 buckler {AC+3}
rNeg    + . .        M - +5 steam dragon scales
rPois   +            f - +2 hat of Classification {rPois Str+5}
rElec   .            r - +2 cloak {Stlth+}
rCorr   +            E - +2 pair of gloves {Stlth+}
SInv    .            g - +2 pair of boots {rampage}
Will    +++++        A - amulet of the Four Winds {rN+ Will+++ Clar} Stlth
                     s - ring of resist corrosion
HPRegen 0.66/turn    t - +6 ring of intelligence
MPRegen 0.28/turn

%: clarity, rampage
@: berserking, lightly drained, very quick
A: high MP 1, forlorn, divine attributes
}: 2/15 runes: decaying, gossamer
a: no special abilities


You were on level 4 of the Depths.
You visited 8 branches of the dungeon, and saw 40 of its levels.
You visited Pandemonium 1 time, and saw 1 of its levels.
You visited the Abyss 1 time.
You visited 1 bazaar.
You also visited: Sewer, Bailey and Volcano.

You collected 7797 gold pieces.
You spent 4714 gold pieces at shops.

Inventory:

Hand Weapons
 a - the +6 demon whip "Qyorepn" (weapon) {freeze, Str+4}
   (You acquired it on level 6 of the Dungeon)

   Str+4:     It affects your strength (+4).
 v - a +4 eveningstar of protection
Missiles
 i - a throwing net
 P - 8 curare-tipped darts (quivered)
Armour
 f - the +2 hat of Classification (worn) {rPois Str+5}
   (You acquired it on level 6 of the Dungeon)

   Str+5:     It affects your strength (+5).
   rPois:     It protects you from poison
 g - a +2 pair of boots of rampaging (worn)
 r - a +2 cloak of stealth (worn)
 y - a +1 buckler of protection (worn)
 E - a +2 pair of gloves of stealth (worn)
 M - +5 steam dragon scales (worn)
Jewellery
 s - a ring of resist corrosion (left hand)
 t - a +6 ring of intelligence (right hand)
 u - the ring of Amelioration {rElec rC+ AC+4 Str-2 Stlth+}
   (You bought it in a shop on level 2 of the Vaults)

   [ring of protection]

   AC+4:      It affects your AC (+4).
   Str-2:     It affects your strength (-2).
   rC+:       It protects you from cold.
   rElec:     It insulates you from electricity.
   Stlth+:    It makes you more stealthy.
 w - a ring of protection from fire
 A - the amulet of the Four Winds (around neck) {rN+ Will+++ Clar}
   (You took it off a deep elf elementalist on level 3 of the Elven Halls)

   [amulet of nothing]

   rN+:       It protects you from negative energy.
   Will+++:   It greatly increases your willpower.
   Clar:      It protects you from confusion, rage, mesmerisation and fear.
 C - a ring of positive energy
 D - a ring of ice
 H - a ring of see invisible
 O - the amulet "Fousaj" {rF+ rC+ Regen+ Str+3}
   (You bought it in a shop on level 2 of the Orcish Mines)

   [amulet of regeneration]

   Str+3:     It affects your strength (+3).
   rF+:       It protects you from fire.
   rC+:       It protects you from cold.
   Regen+:    It increases your rate of health regeneration.
 R - a ring of flight
 U - a ring of willpower
Wands
 n - a wand of light (9)
 q - a wand of iceblast (18)
 x - a wand of charming (21)
 W - a wand of digging (20)
Scrolls
 j - 2 scrolls of amnesia
 o - 13 scrolls of teleportation
 p - 2 scrolls of immolation
 F - 6 scrolls of fear
 G - 2 scrolls of butterflies
 I - 9 scrolls of fog
 K - 3 scrolls of silence
 X - 6 scrolls of revelation
Potions
 b - a potion of magic
 c - 2 potions of invisibility
 d - 17 potions of curing
 e - 12 potions of mutation
 h - 10 potions of resistance
 k - 11 potions of enlightenment
 l - 6 potions of haste
 m - 4 potions of heal wounds
 z - 6 potions of cancellation
 L - 5 potions of lignification
 Q - a potion of brilliance
 V - 9 potions of might
Miscellaneous
 N - a phantom mirror


   Skills:
 + Level 16.0 Fighting
 - Level 14.1 Maces & Flails
 - Level 5.1 Armour
 + Level 16.7 Dodging
 - Level 6.1 Stealth
 - Level 5.0 Shields
 + Level 11.8 Spellcasting
 - Level 2.7 Conjurations
 - Level 13.1 Summonings
 - Level 13.9 Translocations
 - Level 16.2 Ice Magic
 - Level 5.2 Evocations


You had 2 spell levels left.
You knew the following spells:

 Your Spells              Type           Power      Damage    Failure   Level
a - Malign Gateway        Summ/Tloc      45%        N/A       6%          7
b - Frozen Ramparts       Ice            100%       1d16      0%          3
c - Ozocubu's Armour      Ice            99%        N/A       0%          3
d - Summon Ice Beast      Ice/Summ       95%        N/A       1%          4
e - Apportation           Tloc           100%       N/A       0%          1
f - Manifold Assault      Tloc           93%        N/A       1%          4
g - Dispersal             Tloc           46%        N/A       1%          6
h - Summon Cactus Giant   Summ           45%        N/A       1%          6
i - Ozocubu's Refrigerat  Ice            49%        4d18      1%          7

Your spell library contained the following spells:

 Spells                   Type           Power      Damage    Failure   Level
 Freeze                   Ice            100%       1d10      0%          1
 Summon Small Mammal      Summ           100%       N/A       0%          1
 Lesser Beckoning         Tloc           100%       N/A       0%          2
 Necrotise                Necr           92%        1d8       1%          1
 Shock                    Conj/Air       100%       1d9       1%          1
 Scorch                   Fire           46%        2d6       2%          2
 Sublimation of Blood     Necr           23%        N/A       2%          2
 Call Canine Familiar     Summ           90%        N/A       1%          3
 Gell's Gravitas          Tloc           93%        N/A       1%          3
 Hailstorm                Conj/Ice       77%        3d16      1%          3
 Summon Guardian Golem    Hex/Summ       65%        N/A       1%          3
 Teleport Other           Tloc           93%        N/A       1%          3
 Volatile Blastmotes      Fire/Tloc      100%       2d18      1%          3
 Animate Armour           Summ/Erth      100%       N/A       1%          4
 Dimensional Bullseye     Hex/Tloc       33%        N/A       1%          4
 Passage of Golubria      Tloc           93%        N/A       1%          4
 Summon Lightning Spire   Summ/Air       65%        N/A       1%          4
 Metabolic Englaciation   Hex/Ice        36%        N/A       1%          5
 Dazzling Flash           Conj/Hex       66%        N/A       3%          3
 Mephitic Cloud           Conj/Pois/Air  30%        N/A       3%          3
 Freezing Cloud           Conj/Ice/Air   32%        6-21      3%          5
 Ignite Poison            Fire/Tmut/Pois 23%        N/A       5%          3
 Sigil of Binding         Hex            23%        N/A       5%          3
 Tukima's Dance           Hex            23%        N/A       5%          3
 Brom's Barrelling Bould  Conj/Erth      33%        2d5       11%         4
 Flame Wave               Conj/Fire      33%        2d10      11%         4
 Simulacrum               Ice/Necr       36%        N/A       11%         6
 Iskenderun's Battlesphe  Conj           44%        2d10      17%         5
 Anguish                  Hex/Necr       11%        N/A       19%         4
 Animate Dead             Necr           23%        N/A       19%         4
 Cause Fear               Hex            11%        N/A       19%         4
 Leda's Liquefaction      Hex/Erth       11%        N/A       19%         4
 Petrify                  Tmut/Erth      23%        N/A       19%         4
 Fireball                 Conj/Fire      16%        3d8       28%         5
 Irradiate                Conj/Tmut      16%        3d17      28%         5
 Disjunction              Tloc           46%        N/A       38%         8
 Alistair's Intoxication  Tmut/Pois      15%        N/A       45%         5
 Lee's Rapid Deconstruct  Erth           11%        3d8*      45%         5
 Yara's Violent Unravell  Hex/Tmut       11%        3d6       45%         5
 Spellforged Servitor     Conj/Summ      35%        N/A       52%         7
 Haunt                    Necr/Summ      32%        N/A       71%         7
 Conjure Ball Lightning   Conj/Air       16%        3x3d6     85%         6
 Starburst                Conj/Fire      16%        6d6       85%         6
 Polar Vortex             Ice            49%        12d6*     94%         9
 Orb of Destruction       Conj           22%        9d8       99%         7
 Enfeeble                 Hex            11%        N/A       100%        7
 Infestation              Necr           11%        N/A       100%        8
 Maxwell's Capacitive Co  Air            11%        ∞         100%        8
 Fire Storm               Conj/Fire      16%        8d4       100%        9


Dungeon Overview and Level Annotations

Branches:
Dungeon (15/15)            Temple (0/1) D:4            Lair (5/5) D:8
  Swamp (4/4) Lair:3       Spider (4/4) Lair:3        Slime (0/5) Lair:5
    Orc (2/2) D:12            Elf (3/3) Orc:2        Vaults (3/5) D:14
  Crypt (0/3) Vaults:2     Depths (4/4) D:15          Sewer (visited)
 Bailey (visited)         Volcano (visited)
    Zot: Depths:4

Shops:
D:12 !*:   Orc:1 (   Orc:2 (!=(   Vaults:2 =([?   Depths:3 :

Portals:
Hell: Depths:1 Depths:2 Depths:3 Depths:4
Abyss: Depths:2 Depths:3
Pandemonium: Depths:2
Ziggurat: Depths:3
Trove: D:10 (give 11 potions of heal wounds)

Annotations:
D:2 Natasha
D:5 3 runed translucent doors, Dynojp's ghost, weakling HODe; Phlounder's ghost, novice DjNe
D:13 2 transporters, Sundig's ghost, journeyman GrFi
Swamp:1 1 runed translucent door, zenocrate's ghost, journeyman DrIE
Swamp:4 2 transporters, lessens's ghost, adept GnMo
Elf:2 3 runed translucent doors
Elf:3 1 runed translucent door, Forgeling's ghost, adept OpHW
Vaults:3 Sojobo
Depths:1 3 runed translucent doors, Jajuenucs's ghost, veteran GnWn


Innate Abilities, Weirdness & Mutations

You have an increased reservoir of magic. (+10% MP)
You shall have no god before yourself.
Your divine heritage dramatically boosts your attributes as you level up.


Message History

The tengu reaver is moderately wounded.
The tengu reaver hits you with a +1 long sword of holy wrath.
You block the tengu reaver's attack. The tengu reaver completely misses you.
You thrash the tengu reaver!! You freeze the tengu reaver.
The tengu reaver is heavily wounded.
You whack the tengu reaver! You freeze the tengu reaver.
The tengu reaver is severely wounded.
The tengu reaver hits you with a +1 long sword of holy wrath!
The tengu reaver pecks you. You block the tengu reaver's attack.
The iron troll is struck by your cactus giant's spines.
The iron troll bites your cactus giant! The iron troll claws your cactus giant.
The iron troll claws your cactus giant!!
You closely miss the tengu reaver.
The tengu reaver is severely wounded.
The tengu reaver gestures at you while chanting.
The bolt of cold hits you!!!
* * * LOW HITPOINT WARNING * * *
Unknown command.
You hit the tengu reaver. You freeze the tengu reaver.
The tengu reaver is severely wounded.
The iron troll is struck by your cactus giant's spines.
The iron troll bites your cactus giant!!
The iron troll claws your cactus giant! x2
Your cactus giant is destroyed!
Your cactus giant disappears in a puff of smoke!
You feel much better.
The tengu reaver gestures at you while chanting.
The bolt of fire misses you.
A red film seems to cover your vision as you go berserk!
You feel yourself moving faster!
You feel mighty!
The tengu reaver gestures at you while chanting.
The bolt of fire hits you!!!
* * * LOW HITPOINT WARNING * * *
You whack the tengu reaver! You freeze the tengu reaver.
The tengu reaver is almost dead.
The tengu reaver blocks your attack.
The tengu reaver is almost dead.
The tengu reaver gestures at you while chanting.
The bolt of lightning hits you!!!
You die...

#.#########~.# ##.#...... .
#...~~8~~.#~.# #..'..... .?
##...~~~..~~.# #.# T.... ...
##'#.........###'## ... ....
....##....'#......###'# .....
....######.#......##.T##......
....######<#......##...'......
###.##.....'....TQ##.###......
≈≈#.##.....#....@['..# .....
≈≈#.##.#####......#### .∩..
≈≈#.##.# #......# D.. ≈≈#.'..#
#......# .. ###.#### #......#
. ....# #......# #####
########


You could see an iron troll and a tengu reaver (repels missiles).

Vanquished Creatures
  Saint Roka (Vaults:1)
  2 caustic shrikes
  3 golden dragons
  Arachne (Spider:2)
  2 Brimstone Fiends (Pan)
  A Hell Sentinel (Pan)
  A walking crystal tome (Depths:1)
  Jorgrun (Orc:1)
  2 walking earthen tomes
  A quicksilver dragon (Depths:4)
  A deep elf master archer (Elf:3)
  A lich (Depths:3)
  A walking divine tome (Depths:3)
  A titan (Depths:3)
  2 deep elf blademasters (Elf:3)
  6 sphinxes
  Gastronok (Lair:2)
  2 shadow dragons
  Kirke (Lair:3)
  2 tengu reavers
  A thorn hunter (Swamp:4)
  Aizul (Swamp:3)
  The ghost of Ylluogh the Protected, an adept GnWn of Ashenzari (Swamp:2)
  2 storm dragons
  A fire giant (Depths:3)
  2 frost giants
  A fenstrider witch (Swamp:2)
  7 deep elf sorcerers
  3 ghost moths
  An iron dragon (Depths:3)
  A balrug (Depths:1)
  Louise (Spider:2)
  9 vault wardens
  5 emperor scorpions
  4 deep elf elementalists (Elf:3)
  5 spriggan defenders
  A broodmother (Spider:1)
  A cacodemon (Pan)
  The ghost of Roir the Severer, a journeyman MiFi of Hepliaklqana (Orc:1)
  6 ironbound preservers
  A war gargoyle (Vaults:2)
  8 stone giants
  5 ironbound thunderhulks
  11 very ugly things
  10 deep elf demonologists (Elf:3)
  An eleionoma (Swamp:4)
  A vampire knight (Depths:3)
  A formless jellyfish (Vaults:2)
  10 dire elephants
  4 lorocyprocas
  5 spark wasps
  Azrael (D:13)
  5 deep elf annihilators (Elf:3)
  A bunyip (Swamp:3)
  Snorg (D:11)
  7 ettins
  6 deep elf death magi
  5 fire dragons
  5 entropy weavers
  3 yaktaur captains
  A merfolk impaler (Depths:1)
  3 deep elf high priests
  4 great orbs of eyes
  2 shambling mangroves
  2 rakshasas
  Fannar (Lair:1)
  Erolcha (Orc:2)
  4 spriggan air magi
  2 ghost crabs (Swamp:4)
  A peacekeeper (Vaults:3)
  6 vault guards
  Erica (D:8)
  12 alligators
  A hell beast (Pan)
  2 ogre magi
  8 centaur warriors
  6 ice dragons
  16 hydras
  5 ironbound frosthearts
  A catoblepas (D:14)
  3 radroaches
  9 boulder beetles
  17 two-headed ogres
  A two-headed ogre (shapeshifter) (Depths:3)
  4 tengu warriors
  A death yak (shapeshifter) (Depths:1)
  2 deep troll shamans
  A satyr (shapeshifter) (Depths:3)
  A hell hog (Depths:1)
  3 spriggan berserkers
  4 soul eaters
  5 deep troll earth magi
  10 hell knights
  7 demonic crawlers
  8 dancing weapons
  18 deep elf knights
  Nergalle (Lair:3)
  2 sun demons
  A fire crab (shapeshifter) (D:14)
  3 skysharks
  2 sun moths
  2 iron trolls
  4 sixfirhies
  A deep troll (shapeshifter) (Vaults:1)
  3 goliath frogs
  2 glowing orange brains
  3 pharaoh ants
  3 flayed ghosts (Depths:3)
  4 spriggan druids
  An orb spider (Spider:1)
  2 death drakes (Swamp:1)
  4 large abominations
  15 deep elf archers
  19 deep trolls
  10 swamp dragons
  6 bog bodies
  7 steelbarb worms
  33 deep elf pyromancers
  An orange crystal statue (Depths:1)
  6 orc knights
  15 ironbound convokers
  2 arcanists (Vaults:1)
  Pikel (D:4)
  3 harpies (Vaults:1)
  7 necromancers
  24 deep elf zephyrmancers
  34 ugly things
  An oklob plant (Lair:5)
  24 wolf spiders
  2 orc sorcerers
  5 will-o-the-wisps
  An elephant (Lair:5)
  3 manticores
  5 cyclopes
  11 black mambas
  A moth of wrath (shapeshifter) (Depths:4)
  A guardian serpent (Lair:5)
  A rust devil (Pan)
  5 moths of wrath
  3 orange demons (Pan)
  4 smoke demons
  10 vault sentinels
  3 gargoyles
  A molten gargoyle (Volcano)
  5 torpor snails
  An unseen horror (Depths:3)
  33 yaktaurs
  12 cane toads
  9 komodo dragons
  2 rime drakes
  A kobold demonologist (Bailey)
  2 tengu conjurers
  7 meliai
  9 tyrant leeches
  A red devil (Volcano)
  A hellwing (Pan)
  6 polar bears
  11 trolls
  3 glass eyes (Depths:3)
  20 tarantellas
  13 hornets
  27 blink frogs
  A raiju (Spider:1)
  8 dream sheep
  42 slime creatures
  30 jumping spiders
  6 centaur simulacra (D:11)
  12 spriggans
  2 air elementals (Elf:3)
  A shadow (D:10)
  A vampire (D:12)
  8 ynoxinuls (Pan)
  A spriggan (shapeshifter) (Depths:3)
  15 culicivoras
  9 nameless horrors
  77 yaks
  8 fire bats
  7 water elementals
  4 wraiths
  10 wyverns
  Eustachio (D:4)
  A human (D:14)
  Grum (D:9)
  7 fire elementals
  6 hogs (Lair:3)
  2 basilisks
  49 redbacks
  8 vampire mosquitoes
  4 steam dragons
  6 chaos spawn
  9 wargs
  7 swamp worms
  2 acid dragons
  A naga (Lair:2)
  30 water moccasins
  Duvessa (D:4)
  3 hell hounds (D:13)
  7 swamp drakes
  2 black bears
  7 ice beasts
  29 orc warriors
  4 boggarts (D:15)
  19 ogres
  10 centaurs
  33 wolves
  2 small abominations (Depths:3)
  2 phantoms
  2 lemures
  3 kobold brigands
  13 bullfrogs
  3 earth elementals
  4 wights (D:9)
  Dowan (D:4)
  3 killer bees (D:9)
  4 electric eels
  2 lava snakes (Volcano)
  A jelly (D:6)
  A gnoll bouda (Lair:1)
  5 sleepcaps
  15 orc priests
  4 hounds
  9 iguanas
  19 orc wizards
  A sickly merfolk siren (Sewer)
  A malarious merfolk avatar (Sewer)
  Robin (D:3)
  15 gnolls
  15 adders
  A river rat (Sewer)
  2 shadow imps
  2 white imps
  8 ufetubi
  A dart slug (D:5)
  2 worms
  66 orcs
  12 ball pythons
  6 endoplasms
  9 giant cockroaches
  21 goblins
  12 hobgoblins
  3 jackals (D:2)
  11 quokkas
  6 bats
  10 frilled lizards
  16 kobolds
  23 rats
1644 creatures vanquished.

Vanquished Creatures (collateral kills)
  A juggernaut (Depths:3)
  the Lernaean hydra (Swamp:4)
  3 caustic shrikes
  the Enchantress (Depths:4)
  Norris (Depths:2)
  A tentacled monstrosity (Depths:4)
  2 liches
  A sphinx (Vaults:1)
  A shadow dragon (Vaults:3)
  Donald (Swamp:3)
  A fenstrider witch (Swamp:3)
  A daeva (Depths:3)
  A vault warden (Vaults:3)
  2 deep elf elementalists (Elf:3)
  An angel (Depths:3)
  A ghost moth (Spider:2)
  An orc warlord (Vaults:2)
  An ironbound preserver (Vaults:1)
  A formless jellyfish (Vaults:1)
  2 war gargoyles (Vaults:3)
  9 very ugly things
  2 ironbound thunderhulks
  A deep elf annihilator (Elf:3)
  A deep elf demonologist (Elf:3)
  3 dire elephants
  A bunyip (Swamp:3)
  A fire dragon (D:15)
  An ice dragon (Depths:3)
  A yaktaur captain (Vaults:2)
  A rakshasa (Depths:3)
  A hydra (Swamp:2)
  2 spriggan air magi
  An ogre mage (Orc:2)
  2 jorogumos
  2 vault guards
  A peacekeeper (Vaults:3)
  A centaur warrior (Vaults:2)
  3 boulder beetles
  6 dancing weapons
  A death scarab (Spider:4)
  A death yak (Lair:5)
  A demonic crawler (Spider:1)
  A vampire mage (D:15)
  A deep elf knight (Elf:2)
  A spriggan berserker (Depths:3)
  2 spriggans (Depths:1)
  A sun moth (Spider:4)
  4 pharaoh ants
  An iron troll (Depths:4)
  3 spriggan druids
  2 orb spiders
  A deep elf archer (Elf:2)
  2 steelbarb worms (Spider:4)
  2 harpies (Vaults:1)
  A deep elf zephyrmancer (Elf:2)
  3 deep elf pyromancers
  7 ugly things
  An orc sorcerer (Bailey)
  3 wolf spiders
  A cyclops (D:15)
  2 torpor snails
  2 unseen horrors (Depths:3)
  3 yaktaurs (Vaults:2)
  3 meliai
  A troll (Orc:2)
  A tarantella (Spider:2)
  3 hornets
  A slime creature (D:13)
  3 culicivoras
  A hog (Lair:3)
  2 jumping spiders
  3 yaks
  2 fire elementals
  5 redbacks
  A chaos spawn (Depths:3)
  A warg (Vaults:1)
  2 swamp worms (Swamp:2)
  2 large abominations (Depths:3)
  An orc warrior (Orc:2)
  A swamp drake (Swamp:4)
  4 ogres
  5 wolves (Lair:4)
  A small abomination (Depths:3)
  An orc priest (Orc:1)
  An orc wizard (Orc:2)
  5 orcs
162 creatures vanquished.

Vanquished Creatures (others)
  8 eldritch tentacles
  A deep elf zephyrmancer (Elf:3)
  A deep elf pyromancer (Elf:3)
  An orc sorcerer (Vaults:1)
  A wolf spider (Lair:3)
  A torpor snail (Spider:1)
  2 bloated husks
  A centaur simulacrum (D:11)
  A redback (Spider:1)
  A swamp drake (Swamp:1)
  An orc warrior (Orc:2)
  An orc (D:11)
  30 foxfires
50 creatures vanquished.

Grand Total: 1856 creatures vanquished

Notes
Turn   | Place    | Note
-------+----------+-------------------------------------------
     0 | D:1      | jestert79 the Demigod Ice Elementalist began the quest for
                  | the Orb.
     0 | D:1      | Reached XP level 1. HP: 14/14 MP: 5/5
     5 | D:1      | You fall into a shaft and drop 1 floor!
   176 | D:2      | Reached XP level 2. HP: 16/20 MP: 2/7
  1126 | D:2      | Reached XP level 3. HP: 25/26 MP: 8/8
  1224 | D:2      | Learned a level 3 spell: Frozen Ramparts
  1436 | D:2      | Noticed Natasha
  2283 | D:3      | Reached XP level 4. HP: 33/33 MP: 7/9
  2804 | D:3      | Noticed Robin
  2861 | D:3      | Killed Robin
  2862 | D:3      | Reached XP level 5. HP: 37/38 MP: 6/10
  2869 | D:3      | Reached skill level 5 in Ice Magic
  3290 | D:4      | Noticed Pikel
  3397 | D:4      | Noticed Dowan
  3425 | D:4      | Noticed Duvessa
  3542 | D:3      | Reached XP level 6. HP: 9/45 MP: 8/11
  3546 | D:3      | Learned a level 3 spell: Ozocubu's Armour
  3722 | D:4      | Killed Duvessa
  3723 | D:4      | Reached skill level 5 in Stealth
  3746 | D:3      | HP: 2/45 [phantom (6)]
  4068 | D:4      | Identified the +5 whip "Jynejowo" {freeze, rC++ Str-3 Int+9
                  | Dex-5}
  4326 | D:4      | Killed Dowan
  4377 | D:4      | Found a staircase to the Ecumenical Temple.
  4382 | D:4      | Noticed Eustachio
  4574 | D:4      | Killed Eustachio
  4575 | D:4      | Reached XP level 7. HP: 49/50 MP: 8/12
  4656 | D:4      | Killed Pikel
  4657 | D:4      | Reached XP level 8. HP: 49/57 MP: 7/13
  4795 | D:5      | Entered Level 5 of the Dungeon
  4805 | D:5      | Found a runed translucent gate.
  4805 | D:5      | Found a runed translucent gate.
  4805 | D:5      | Found a runed translucent gate.
  4809 | D:5      | Noticed Phlounder's ghost (novice DjNe)
  4809 | D:5      | Noticed Dynojp's ghost (weakling HODe)
  4851 | D:5      | Found a glowing drain.
  4902 | Sewer    | Entered a sewer
  6016 | D:5      | Identified the +2 ring mail of Codd {Dex+3}
  6797 | D:6      | Reached skill level 10 in Ice Magic
  7611 | D:7      | Reached XP level 9. HP: 63/63 MP: 7/14
  7737 | D:6      | Identified a scroll of acquirement
  7737 | D:6      | Identified the "Ytogiol" (You acquired it on level 6 of
                  | the Dungeon)
  7737 | D:6      | Acquired the +2 hat of Classification {rPois Str+5}
  8073 | D:6      | Acquired the +6 demon whip "Qyorepn" {freeze, Str+4}
  8152 | D:7      | Reached skill level 1 in Fighting
  8633 | D:8      | Reached skill level 1 in Maces & Flails
  8667 | D:8      | Found a staircase to the Lair.
  8810 | D:8      | Noticed Erica
  8819 | D:8      | Killed Erica
  8865 | D:8      | Learned a level 4 spell: Summon Ice Beast
  9753 | Lair:1   | Entered Level 1 of the Lair of Beasts
  9775 | Lair:1   | Reached skill level 1 in Summonings
  9793 | Lair:1   | Reached XP level 10. HP: 69/77 MP: 8/15
 10183 | Lair:1   | Reached skill level 5 in Dodging
 10549 | Lair:1   | Reached skill level 5 in Fighting
 10629 | Lair:1   | Noticed a black mamba
 10634 | Lair:1   | Killed a black mamba
 10635 | Lair:1   | Reached skill level 5 in Maces & Flails
 10898 | Lair:1   | Noticed Fannar
 10932 | Lair:1   | Noticed Maggie
 10934 | Lair:1   | Killed Fannar
 10935 | Lair:1   | Maggie changed into Maggie the acid dragon
 10935 | Lair:1   | Noticed Maggie
 10941 | Lair:1   | Killed Maggie the acid dragon
 11390 | Lair:2   | Reached XP level 11. HP: 83/89 MP: 10/17
 11494 | Lair:2   | Noticed Urug
 11775 | D:9      | Noticed a two-headed ogre
 11781 | D:9      | Killed a two-headed ogre
 12046 | D:9      | Found a flagged portal.
 12062 | Bailey   | Entered a bailey
 12416 | Bailey   | Found the +5 robe of Night {Dark Will+ SInv}
 13290 | D:9      | Noticed Grum
 13779 | D:9      | Killed Grum
 14058 | D:10     | Entered Level 10 of the Dungeon
 14112 | D:10     | Reached skill level 1 in Evocations
 14181 | D:10     | Found a portal to a secret trove of treasure.
 14776 | D:10     | Learned a level 1 spell: Apportation
 15801 | Lair:2   | Urug changed into Urug the boulder beetle
 15801 | Lair:2   | Noticed Urug
 15834 | Lair:2   | Killed Urug the boulder beetle
 16033 | Lair:2   | Reached XP level 12. HP: 86/100 MP: 14/18
 16312 | Lair:2   | Noticed Sonja
 16313 | Lair:2   | Sonja changed into Sonja the naga
 16313 | Lair:2   | Noticed Sonja
 16323 | Lair:2   | Killed Sonja the naga
 16439 | Lair:2   | Noticed Gastronok
 16469 | Lair:2   | Killed Gastronok
 17340 | Lair:3   | Noticed Josephine
 17398 | Lair:3   | Josephine changed into Josephine the dream sheep
 17398 | Lair:3   | Noticed Josephine
 17405 | Lair:3   | Killed Josephine the dream sheep
 17487 | Lair:3   | Found a hole to the Spider Nest.
 17519 | Lair:3   | Reached skill level 10 in Maces & Flails
 17676 | Lair:3   | Reached skill level 5 in Evocations
 17873 | Lair:3   | Reached skill level 1 in Translocations
 17955 | Lair:3   | Noticed Kirke
 17980 | Lair:3   | Killed Kirke
 18022 | Lair:3   | Learned a level 4 spell: Manifold Assault
 18601 | Lair:3   | Found a staircase to the Swamp.
 18692 | Lair:3   | Noticed Nergalle
 18709 | Lair:3   | Killed Nergalle
 18798 | Lair:3   | Reached XP level 13. HP: 107/107 MP: 16/22
 19244 | Lair:4   | Found a dark tunnel.
 19254 | Volcano  | Entered a volcano
 19465 | Volcano  | Reached skill level 5 in Translocations
 19656 | Volcano  | Identified the +0 pair of gloves of Past Mistakes {*Corrode
                  | rElec Dex+8 Stlth-}
 19752 | Lair:4   | Noticed Nessos
 19753 | Lair:4   | Nessos changed into Nessos the manticore
 19753 | Lair:4   | Noticed Nessos
 19772 | Lair:4   | Killed Nessos the manticore
 20427 | Lair:5   | Entered Level 5 of the Lair of Beasts
 20580 | Lair:4   | Reached skill level 1 in Armour
 21705 | Lair:5   | Reached skill level 5 in Spellcasting
 21789 | Lair:5   | Learned a level 6 spell: Dispersal
 22392 | Lair:4   | Reached skill level 1 in Shields
 22518 | Lair:5   | Reached XP level 14. HP: 91/116 MP: 18/25
 23072 | Lair:5   | Found a staircase to the Slime Pits.
 23919 | D:11     | Reached skill level 5 in Shields
 23986 | D:11     | Noticed Snorg
 24004 | D:11     | Killed Snorg
 25152 | D:12     | Found a staircase to the Orcish Mines.
 25152 | D:12     | Found Merhihiam's Assorted Antiques.
 25159 | D:12     | Found Puromere's Distillery.
 25166 | D:12     | Bought a potion of invisibility for 120 gold pieces
 25166 | D:12     | Bought a potion of heal wounds for 75 gold pieces
 25420 | D:12     | Bought a wooden wand for 96 gold pieces
 25493 | D:12     | Found Nyiczynt's Book Shoppe.
 25797 | D:12     | Bought a book of Dangerous Friends for 560 gold pieces
 25918 | Orc:1    | Entered Level 1 of the Orcish Mines
 25929 | Orc:1    | Noticed Jorgrun
 25940 | Orc:1    | Killed Jorgrun
 26137 | Orc:1    | Found a runed translucent door.
 26142 | Orc:1    | Noticed Roir's ghost (journeyman MiFi)
 26232 | Orc:1    | Found Nupterar's Antique Weapon Shop.
 26449 | Orc:2    | Entered Level 2 of the Orcish Mines
 26941 | Orc:2    | Found a staircase to the Elven Halls.
 26943 | Orc:2    | Noticed Erolcha
 26951 | Orc:2    | Killed Erolcha
 26982 | Orc:2    | Reached skill level 10 in Dodging
 27027 | Orc:2    | Found Feakhlui's Antique Weapon Shop.
 27106 | Orc:2    | Found Alaavo Bech's Distillery.
 27213 | Orc:2    | Bought a potion of berserk rage for 90 gold pieces
 27213 | Orc:2    | Bought a potion of might for 72 gold pieces
 27264 | Orc:2    | Found Kotriczi's Antique Weapon Shoppe.
 27275 | Orc:2    | Found Poesoferr's Jewellery Boutique.
 27291 | Orc:2    | Bought the amulet "Fousaj" {rF+ rC+ Regen+ Str+3} for 744
                  | gold pieces
 27680 | Orc:2    | Reached skill level 10 in Fighting
 28054 | D:13     | Found a transporter.
 28062 | D:13     | Found a transporter.
 28187 | D:13     | Reached XP level 15. HP: 79/126 MP: 19/26
 28321 | D:13     | Noticed Sundig's ghost (journeyman GrFi)
 28541 | D:13     | Noticed Azrael
 28553 | D:13     | Killed Azrael
 29863 | D:14     | Acquired 1080 gold pieces
 30065 | D:14     | Learned a level 6 spell: Summon Cactus Giant
 30422 | D:14     | Reached skill level 5 in Summonings
 32317 | D:14     | Paralysed by an orc sorcerer for 2 turns
 32395 | D:14     | Found a gate to the Vaults.
 32587 | Orc:1    | Killed Roir's ghost
 32672 | Orc:2    | Bought a potion of haste for 180 gold pieces
 32672 | Orc:2    | Bought a potion of curing for 54 gold pieces
 32672 | Orc:2    | Bought a potion of might for 72 gold pieces
 32672 | Orc:2    | Bought a potion of resistance for 180 gold pieces
 32984 | Swamp:1  | Entered Level 1 of the Swamp
 33345 | Swamp:1  | Found a runed translucent door.
 33349 | Swamp:1  | Noticed zenocrate's ghost (journeyman DrIE)
 34802 | Swamp:2  | Reached XP level 16. HP: 67/135 MP: 23/31
 35821 | Swamp:3  | Noticed Donald
 35845 | Swamp:3  | HP: 4/136 [Donald/+2 double sword of venom (38)]
 35848 | Swamp:3  | Killed Donald
 35997 | Swamp:3  | Found a runed translucent door.
 35997 | Swamp:3  | Noticed Ylluogh's ghost (adept GnWn)
 36188 | Swamp:3  | Identified the serpent talisman of the Beloved God {rPois
                  | Will+ rCorr MP-9}
 36188 | Swamp:3  | Noticed Aizul
 36261 | Swamp:3  | Killed Aizul
 36651 | Swamp:4  | Entered Level 4 of the Swamp
 37142 | Swamp:4  | Found a transporter.
 37147 | Swamp:4  | Noticed lessens's ghost (adept GnMo)
 37161 | Swamp:4  | Found a transporter.
 38100 | Swamp:4  | Reached skill level 5 in Armour
 38532 | Swamp:4  | Noticed the 27-headed Lernaean hydra
 38804 | Swamp:4  | Killed the 27-headed Lernaean hydra
 39062 | Swamp:4  | Got a decaying rune of Zot
 39314 | Spider:1 | Entered Level 1 of the Spider Nest
 40881 | Spider:1 | Reached XP level 17. HP: 146/146 MP: 24/33
 41494 | Spider:2 | Noticed Louise
 42065 | Spider:2 | Noticed Arachne
 42677 | Spider:2 | Killed Arachne
 42773 | Spider:2 | Identified the +1 dagger "Ucsuof" {vamp, Int+3 Dex+3
                  | Stlth+}
 42885 | Spider:2 | Reached skill level 10 in Summonings
 42924 | Spider:2 | Killed Louise
 43508 | Spider:3 | Acquired 567 gold pieces
 44685 | Spider:4 | Entered Level 4 of the Spider Nest
 44918 | Spider:4 | Reached skill level 10 in Translocations
 45016 | Spider:4 | Identified the +3 scimitar "Deqyowuf" {heavy, rElec rPois
                  | rF- Stlth-}
 46434 | Spider:4 | Identified the orb of the Secret Planets {*Rage, rElec}
 46454 | Spider:4 | Got a gossamer rune of Zot
 46796 | Vaults:1 | Entered Level 1 of the Vaults
 47519 | Vaults:1 | Reached XP level 18. HP: 156/157 MP: 29/35
 47558 | Vaults:1 | Identified the staff of Disgust {Will+ rCorr Dex+5 Conj}
 48359 | Vaults:1 | Noticed Saint Roka
 48562 | Vaults:1 | Identified the +3 ring mail "Wybbaod" {+Inv Will- Str+3}
 49590 | Vaults:1 | Paralysed by a sphinx for 5 turns
 50278 | Vaults:1 | Killed Saint Roka
 51061 | Vaults:2 | Found Puhiti's Antique Weapon Boutique.
 51092 | Vaults:2 | Found a staircase to the Crypt.
 52227 | Vaults:2 | Found Wafuyk's Jewellery Emporium.
 52235 | Vaults:2 | Bought the ring of Amelioration {rElec rC+ AC+4 Str-2
                  | Stlth+} for 1056 gold pieces
 52235 | Vaults:2 | Bought a ring of resist corrosion for 380 gold pieces
 52760 | Vaults:2 | Found Weets's Antique Armour Shop.
 52765 | Vaults:2 | Bought a pair of glowing gloves for 240 gold pieces
 52766 | Vaults:2 | Bought a pair of embroidered boots for 240 gold pieces
 53427 | Vaults:2 | Found Enluth's Magic Scroll Emporium.
 53442 | Vaults:2 | Bought a scroll of revelation for 157 gold pieces
 53442 | Vaults:2 | Bought a scroll of teleportation for 63 gold pieces
 53442 | Vaults:2 | Bought 3 scrolls of teleportation for 189 gold pieces
 54236 | Vaults:3 | Reached XP level 19. HP: 100/166 MP: 30/37
 54296 | Vaults:3 | Learned a level 7 spell: Orb of Destruction
 54473 | Vaults:3 | Reached skill level 1 in Conjurations
 55401 | Swamp:2  | Killed Ylluogh's ghost
 56245 | Vaults:2 | Learned a level 7 spell: Ozocubu's Refrigeration
 56775 | Vaults:2 | Bought a scroll of identify for 42 gold pieces
 56848 | Vaults:3 | Noticed Sojobo
 57346 | WizLab   | Identified the "Xoku"
 57346 | WizLab   | Identified the "Viloi"
 57346 | Vaults:5 | Identified the "Rujugh"
 57346 | Crypt:2  | Identified the of Ydoloj
 57346 | Crypt:3  | Identified the "Somedeaf"
 57346 | Depths:3 | Identified the "Yppotawk"
 57346 | Elf:1    | Entered Level 1 of the Elven Halls
 58306 | Elf:1    | Identified the "Xenow" (You acquired it on level 1 of the
                  | Elven Halls)
 58306 | Elf:1    | Acquired the Parchment of the Big Bang
 58758 | Elf:1    | Identified the +0 robe "Feytouk" {rElec rN+ Dex+4 Stlth+}
 58950 | Elf:2    | Found a runed translucent gate.
 58967 | Elf:2    | Found a runed translucent gate.
 58967 | Elf:2    | Found a runed translucent gate.
 59207 | Elf:2    | Reached skill level 10 in Spellcasting
 59451 | Elf:2    | Reached skill level 15 in Ice Magic
 60152 | Elf:3    | Identified the "Lebutod"
 60152 | Elf:3    | Entered Level 3 of the Elven Halls
 60180 | Elf:3    | Paralysed by an air elemental for 1 turns
 60370 | Elf:3    | Identified the +5 long sword of Conscience {drain, rPois
                  | rC+ Will- Str+2}
 61006 | Elf:3    | Noticed Forgeling's ghost (adept OpHW)
 61007 | Elf:3    | Found a runed translucent door.
 61763 | Elf:3    | Identified the +5 sling "Undertaker" {drain, Fragile Str+9
                  | Int-2 Dex+3}
 61766 | Elf:3    | Identified the +0 plate armour "Laoxkacs" {rElec rPois rC+}
 61920 | Elf:3    | Identified the +3 war axe "Fockomp" {drain, rElec rN+ Dex+2
                  | SInv}
 62188 | Elf:3    | Reached XP level 20. HP: 173/174 MP: 25/40
 62209 | Elf:2    | Learned a level 7 spell: Malign Gateway
 62397 | Elf:3    | Identified the amulet of Ignis's Inspiration {Reflect rPois
                  | Slay+2 SH+5}
 62938 | Elf:3    | Reached skill level 15 in Dodging
 63658 | D:15     | Entered Level 15 of the Dungeon
 63875 | D:15     | Found a staircase to the Depths.
 64764 | Depths:1 | Entered Level 1 of the Depths
 65178 | Depths:1 | Found a runed translucent gate.
 65178 | Depths:1 | Found a runed translucent gate.
 65178 | Depths:1 | Found a runed translucent gate.
 65388 | Depths:1 | Found a gateway to Hell.
 65911 | Depths:1 | Noticed a golden dragon
 65933 | Depths:1 | Killed a golden dragon
 66022 | Depths:1 | Found a gateway to a bazaar.
 66043 | Bazaar   | Entered a bazaar
 66045 | Bazaar   | Found Eliuda's Magic Scroll Boutique.
 66054 | Bazaar   | Found Tyvowo's Antique Weapon Shop.
 66065 | Bazaar   | Found Veifig's Armour Boutique.
 66100 | Bazaar   | Found Giuxtun's Weapon Boutique.
 66124 | Bazaar   | Bought a scroll of fear for 52 gold pieces
 66124 | Bazaar   | Bought a scroll of amnesia for 52 gold pieces
 66275 | Depths:1 | Noticed Jajuenucs's ghost (veteran GnWn)
 67600 | Depths:2 | Found a one-way gate to the infinite horrors of the Abyss.
 67822 | Depths:2 | Found a one-way gate leading to the halls of Pandemonium.
 68500 | Depths:3 | Noticed Norris
 68517 | Depths:2 | Killed Norris
 68745 | Depths:3 | Found Josuphiy's Tiny Tomes.
 68936 | Depths:3 | Found a one-way gateway to a ziggurat.
 69313 | Depths:3 | Reached skill level 15 in Fighting
 69516 | Depths:3 | Noticed a golden dragon
 69536 | Depths:3 | Killed a golden dragon
 69689 | Depths:3 | Noticed a golden dragon
 69689 | Depths:3 | Noticed a juggernaut
 69723 | Depths:3 | Killed a juggernaut
 69724 | Depths:3 | Reached XP level 21. HP: 184/184 MP: 29/41
 70172 | Depths:3 | Identified the +0 plate armour "Yhacvias" {Harm Dex+5}
 70448 | Zot:4    | Identified the "Wihoh"
 70448 | Slime:5  | Identified the "Vyuq"
 70448 | Slime:5  | Identified the "Nurih"
 70448 | Tar:7    | Identified the of Qirr
 70448 | Pan      | Entered Pandemonium
 70448 | Pan      | Found a transporter.
 70711 | Pan      | Found an exit through the horrors of the Abyss.
 71568 | Pan      | Took an exit into the Abyss.
 71568 | Abyss:1  | Escaped into the Abyss
 71577 | Depths:2 | Escaped the Abyss
 72302 | Depths:3 | Identified the +2 robe of a Gauntlet {-Cast +Blink rPois
                  | Dex-5}
 73148 | Depths:3 | Found the +8 longbow "Zephyr" {speed, Dex+3 SInv}
 73551 | Depths:3 | Killed a golden dragon
 74306 | Depths:4 | Entered Level 4 of the Depths
 74331 | Depths:4 | Noticed a caustic shrike
 74331 | Depths:4 | Noticed a caustic shrike
 74331 | Depths:4 | Noticed a caustic shrike
 74332 | Depths:4 | Noticed a caustic shrike
 74336 | Depths:3 | Noticed a caustic shrike
 74343 | Depths:3 | Killed a caustic shrike
 74444 | Depths:3 | Killed a caustic shrike
 75435 | Depths:3 | Killed a caustic shrike
 75640 | Depths:4 | Killed a caustic shrike
 76106 | Depths:4 | Killed a caustic shrike
 76621 | Depths:4 | Noticed the Enchantress
 76629 | Depths:4 | Killed the Enchantress
 77291 | Depths:4 | Killed from afar by a tengu reaver

Illustrated notes

Levels and vault maps discovered:
D:1:      doesnt_arrival_eight_statues, layout_basic, minivault_24
D:2:      layout_loops_cross, uniq_natasha
D:3:      layout_basic, uniq_robin
D:4:      layout_rooms, old_standard_altar, minmay_temple_entry_junction_2,
          uniq_duvessa, uniq_eustachio, uniq_pikel
D:5:      layout_gridville, gup_sewer_entry_pipe, gammafunk_ghost_cemetery
D:6:      layout_rooms
D:7:      layout_loops_ring
D:8:      layout_loops_corners, lightli_temple_of_fire, jmf_multi_god_temple,
          nicolae_overflow_two_pavilions, erik_lair_orcish_takeover,
          fountainhead, uniq_erica
D:9:      layout_basic, enter_bailey_3, uniq_grum
D:10:     layout_basic, grunt_temple_overflow_open,
          nicolae_trove_entry_crossroad, minivault_26,
          nicolae_straight_to_the_point
D:11:     layout_loops_ring, serial_ice, serial_ice_e, serial_ice_k,
          serial_ice_n, serial_ice_o, serial_ice_b, serial_ice_a, serial_ice_h,
          special_room [special_room_orc], uniq_snorg
D:12:     layout_rooms, serial_shops, shop, shop, shop
D:13:     layout_irregular_city, gammafunk_ghost_stat_death, uniq_azrael
D:14:     layout_layer_cave, grunt_vaults_entry_fortified, minmay_misc_feat_iff,
          tgw_xom
D:15:     grunt_enter_depths_hoard, layout_basic,
          chequers_serial_rivers_small_a, nzn_life_drinkers
Lair:1:   layout_regular_city, basic_altar, dreamdust_gnoll_shepherd,
          uniq_fannar, uniq_maggie
Lair:2:   layout_cave_pods, chequers_serial_rivers_micro_e,
          grunt_forest_small_clearing_treed, serial_bayou_shore_a,
          lemuel_fruit_fields, infiniplex_staircase_pool, uniq_sonja,
          uniq_gastronok, uniq_urug
Lair:3:   layout_hall_layers, mainiacjoe_swamp_entry_angry_trees,
          dummy_spider_entry, forest_entry_grove, uniq_nergalle, uniq_kirke,
          uniq_josephine
Lair:4:   layout_big_grid, nicolae_volcano_entry_batcave, serial_bayou_pond_e,
          uniq_nessos
Lair:5:   hangedman_lair_tendril_chambers, layout_gridlike,
          dpeg_slime_entry_corner
Swamp:1:  layout_falls_marsh, ebering_ghost_inner_flame,
          evilmike_swamp_ruin_rubble_2, nicolae_swamp_drake_lake,
          infiniplex_staircase_pool_2
Swamp:2:  nicolae_swamp_standing_stones, layout_basic_swamp,
          nicolae_swamp_some_circles
Swamp:3:  layout_falls_marsh, ebering_ghost_xom, nicolae_swamp_reclaimed_castle,
          uniq_aizul, uniq_donald
Swamp:4:  swamp_old_school, layout_basic_swamp,
          gammafunk_ghost_berserking_beasts, swamp_pool_1_2
Spider:1: layout_spider_delve, beargit_elvish_explorers
Spider:2: layout_spider_delve, uniq_arachne, uniq_louise
Spider:3: layout_spider_delve, hangedman_spider_tarantella_strand
Spider:4: hellmonk_spider_rune_bug_friends
Orc:1:    layout_diamond_mine, gammafunk_ghost_grave, serial_shops, shop,
          uniq_jorgrun
Orc:2:    st_orc_open, layout_caves, nooodl_orcs_dogs, uniq_erolcha
Elf:1:    minmay_elf_arrival_plus, layout_gridlike,
          kennysheep_underground_church
Elf:2:    elven_hall_of_blades_hangedman_original
          [infiniplex_blade_entry_pillars], layout_loops_corners, serial_sigils,
          serial_sigils_hangedman_stare, serial_sigils_hangedman_shear,
          serial_sigils_hangedman_clutch, serial_sigils_hangedman_quiver
Elf:3:    minmay_elf_hall_x, layout_gridlike, hellmonk_ghost_big_iron
Vaults:1: v_misc_12, ontoclasm_vaults_ring_large, v_misc_17,
          vaults_room_hangedman_quadrants, hangedman_vaults_stream,
          nicolae_vaults_weapon_check, nicolae_vaults_what_the_h,
          nicolae_vaults_more_shelving_1, nicolae_vaults_network_star,
          layout_vaults_omnigrid, uniq_saint_roka
Vaults:2: nicolae_vaults_alarming, minmay_crypt_entry_necro_gods,
          vaults_room_fancy_cross, nicolae_vaults_variable_pillar_hall_cross,
          v_misc_24, serial_ice_m, ontoclasm_vaults_spin,
          vaults_standard_mumra_enter_the_diamond,
          nicolae_vaults_frosty_reception, ontoclasm_vaults_ring_large,
          nicolae_vaults_diamond_1, nicolae_vaults_closet_pinwheel_1,
          nicolae_vaults_sesquioval_fish, layout_vaults_ring, serial_shops,
          nicolae_shop_competitors_out_of_business, shop, shop_fountains,
          nicolae_shop_rolling_square
Vaults:3: hangedman_vaults_nodes, nicolae_vaults_little_squares_1, v_misc_17,
          nicolae_vaults_trapezoid_lopsided_4,
          hangedman_vaults_stretched_pinwheel, nicolae_vaults_network_square,
          nicolae_vaults_murder_corner, nicolae_vaults_sesquioval_fish,
          nicolae_vaults_diamond_2, vaults_standard_mumra_enter_the_diamond,
          ontoclasm_vaults_shuriken, v_misc_25, nicolae_vaults_shelves_hall,
          nicolae_vaults_variable_pillar_hall, nicolae_vaults_house_3,
          layout_vaults_omnibox, uniq_sojobo
Depths:1: layout_cave_pools, serial_shops, statue_bzr,
          gammafunk_ghost_tricky_traps, hellmouth_1, minmay_fountain_box,
          hangedman_corner_corridor
Depths:2: nicolae_cairo_tiling_large, layout_gridlike, grunt_pan_entry_zigzag,
          pf_coc_iceberg, abyss_entry_small_statue_room, nemelex_altar_shiori,
          chequers_serial_rivers_large_a
Depths:3: hangedman_box_tower, layout_small_grid, enter_ziggurat_d,
          minmay_room_of_horrors, hell_entry, chequers_serial_rivers_room_b,
          nicolae_shop_i_like_small_books_too, infiniplex_staircase_diamond,
          uniq_norris, uniq_margery
Depths:4: grunt_zot_entry_bicorn, layout_gridlike, hangedman_decor_peaks_small,
          rand_demon_pan_entry_4, abyss_entry, hell_entry, moated_statue,
          minmay_shop_grove, uniq_enchantress

Skill      XL: |  1  2  3  4  5  6  7  8  9 10 11 12 13 14 15 16 17 18 19 20 21 |
---------------+----------------------------------------------------------------+-----
Stealth        | 2 3 4 6 |  6.1
Ice Magic      | 4 5 6 8 10 11 12 13 14 15 16 | 16.2
Dodging        | 2 4 6 7 8 9 10 11 12 13 14 15 16 | 16.7
Fighting       | 3 6 7 8 10 12 13 14 15 16 | 16.0
Maces & Flails | 3 5 8 11 12 13 14 | 14.1
Summonings     | 1 2 4 9 10 11 12 13 | 13.1
Evocations     | 2 5 |  5.2
Spellcasting   | 3 5 7 8 9 11 | 11.8
Translocations | 3 6 8 9 10 11 12 13 | 13.9
Armour         | 2 5 |  5.1
Shields        | 1 5 |  5.0
Conjurations   | 2 |  2.7

Action                     |  1- 3 |  4- 6 |  7- 9 | 10-12 | 13-15 | 16-18 | 19-21 || total
---------------------------+-------+-------+-------+-------+-------+-------+-------++-------
  Melee: Dagger            |    43 |    87 |       |       |       |       |       ||   130
         Punch             |       |     1 |     2 |     8 |     6 |       |       ||    17
         Whip              |       |    26 |   210 |       |       |       |       ||   236
         Demon whip        |       |       |    58 |   591 |  1603 |  1961 |  1689 ||  5902
         Flail             |       |       |       |       |    34 |       |       ||    34
  Throw: Dart              |       |       |       |    19 |    45 |   100 |    12 ||   176
   Cast: Freeze            |    65 |    26 |    17 |       |     1 |     1 |       ||   110
         Frozen Ramparts   |       |     8 |    28 |    65 |    93 |   120 |    42 ||   356
         Ozocubu's Armour  |       |     3 |     5 |    48 |   126 |   155 |    79 ||   416
         Summon Ice Beast  |       |       |       |     3 |    19 |    31 |    15 ||    68
         Manifold Assault  |       |       |       |       |    52 |    42 |    78 ||   172
         Apportation       |       |       |       |       |     2 |    13 |    14 ||    29
         Dispersal         |       |       |       |       |     3 |     1 |     3 ||     7
         Summon Cactus Gia |       |       |       |       |       |    90 |    81 ||   171
         Ozocubu's Refrige |       |       |       |       |       |       |   159 ||   159
         Malign Gateway    |       |       |       |       |       |       |     8 ||     8
  Evoke: Wand              |       |     2 |     2 |    11 |     9 |    16 |     3 ||    43
         Phantom mirror    |       |       |       |       |       |     1 |     1 ||     2
    Use: Scroll            |       |     2 |    13 |     5 |    13 |     7 |    15 ||    55
         Potion            |       |       |       |     1 |     3 |     3 |     8 ||    15
   Stab: Sleeping          |     5 |     2 |     7 |     5 |    14 |     8 |     8 ||    49
         Distracted        |       |       |       |       |     9 |     7 |    13 ||    29
 Armour: Robe              |    40 |    97 |    67 |   190 |   521 |       |       ||   915
         Steam dragon scal |       |       |    97 |   117 |   218 |  1074 |   741 ||  2247
  Dodge: Dodged            |    68 |    60 |   202 |   259 |   709 |  1043 |   815 ||  3156
  Block: Buckler           |       |       |       |       |   184 |   416 |   305 ||   905

Table legend: (Time is in decaauts)
 A = Elapsed time spent in this place.
 B = Non-inter-level travel time spent in this place.
 C = Inter-level travel time spent in this place.
 D = Time resting spent in this place.
 E = Time spent auto-exploring this place.
 F = Levels seen in this place.
 G = Mean time per level.
                   A        B        C        D        E       F      G
               +--------+--------+--------+--------+--------+-----+--------+
         Total |  75142 |  67003 |   8139 |  21265 |  16401 |  46 | 1633.5 |
       Dungeon |  21471 |  18850 |   2621 |   4666 |   8783 |  15 | 1431.4 |
          Lair |  10624 |   9129 |   1495 |   3025 |   2736 |   5 | 2124.8 |
         Swamp |   6495 |   5819 |    676 |   2079 |    995 |   4 | 1623.8 |
   Spider Nest |   6294 |   5928 |    366 |   2056 |    471 |   4 | 1573.5 |
  Orcish Mines |   2407 |   2061 |    346 |    547 |    471 |   2 | 1203.5 |
   Elven Halls |   5843 |   5600 |    243 |   2351 |    955 |   3 | 1947.7 |
        Vaults |   9248 |   8011 |   1237 |   2360 |    733 |   3 | 3082.7 |
        Depths |  10011 |   8859 |   1152 |   3215 |   1105 |   4 | 2502.8 |
         Abyss |      8 |      8 |      0 |      0 |      0 |   1 |    8.0 |
   Pandemonium |   1036 |   1036 |      0 |    398 |      0 |   1 | 1036.0 |
        Bazaar |     93 |     93 |      0 |      0 |     47 |   1 |   93.0 |
         Sewer |    452 |    452 |      0 |     51 |     81 |   1 |  452.0 |
        Bailey |    733 |    733 |      0 |    360 |      0 |   1 |  733.0 |
       Volcano |    422 |    422 |      0 |    154 |     23 |   1 |  422.0 |
               +--------+--------+--------+--------+--------+-----+--------+

Top non-repeatable levels by time:
Depths:3: 5349 daAuts
Vaults:1: 4456 daAuts
Vaults:2: 3526 daAuts
    D:14: 2996 daAuts
  Lair:3: 2705 daAuts
Spider:1: 2539 daAuts
  Lair:2: 2296 daAuts
     D:3: 2244 daAuts
   Elf:2: 2235 daAuts
 Swamp:4: 2223 daAuts
Depths:2: 2087 daAuts
   Elf:3: 2070 daAuts
  Lair:1: 2001 daAuts
  Lair:5: 1916 daAuts
 Swamp:2: 1757 daAuts
